 Dungeon Crawl Stone Soup version 0.27-a0-1184-ge86db4a01e (webtiles) character file.

Game seed: 17571401516774912875

832 Shayle the Zephyrmancer (level 7, -5/47 HPs)
             Began as a Demonspawn Air Elementalist on May 18, 2021.
             Slain by a wyvern zombie (9 damage)
             ... on level 5 of the Dungeon.
             The game lasted 00:13:18 (5465 turns).

Shayle the Zephyrmancer (DsAE)                      Turns: 5465, Time: 00:13:19

Health: -5/47      AC:  2    Str:  8    XL:     7   Next: 65%
Magic:  0/10       EV: 12    Int: 19    God:
Gold:   158        SH:  5    Dex: 13    Spells: 3/10 levels left

rFire    . . .     SeeInvis .   k - +1 short sword (venom)
rCold    + . .     Faith    .   (no shield)
rNeg     . . .     Spirit   .   a - +0 robe
rPois    .         Reflect  +   (helmet restricted)
rElec    .         Harm     .   (no cloak)
rCorr    .         Rampage  .   (no gloves)
Will     .....                  (no boots)
Stlth    ++........             u - amulet of reflection
HPRegen  0.15/turn              m - ring of protection from cold
MPRegen  0.12/turn              n - ring of flight

@: flying
A: antennae 2, ignite blood 1, powered by death 2
a: no special abilities


You were on level 5 of the Dungeon.
You visited 1 branch of the dungeon, and saw 5 of its levels.

You collected 236 gold pieces.
You spent 78 gold pieces at shops.

Inventory:

Hand Weapons
 d - a +0 dagger
 i - a +2 dagger of draining
 k - a +1 short sword of venom (weapon)
 l - a +4 short sword
Armour
 a - a +0 robe (worn)
 f - the +0 ring mail "Ygoag" {Will+ Str-3 Stlth+}
   (You found it on level 4 of the Dungeon)

   It affects your strength (-3).
   It increases your willpower.
   It makes you more stealthy.
Jewellery
 m - a ring of protection from cold (left hand)
 n - a ring of flight (right hand)
 t - an amulet of guardian spirit
 u - an amulet of reflection (around neck)
Wands
 e - a wand of flame (27)
Scrolls
 c - a scroll of teleportation {unknown}
 j - a scroll of holy word {unknown}
 o - a scroll of enchant armour {unknown}
 q - a scroll of enchant weapon {unknown}
 r - 2 scrolls of amnesia {unknown}
 v - 2 scrolls of identify
 w - a scroll of fog {unknown}
Potions
 b - 2 potions of attraction
 g - 2 potions of degeneration {unknown}
 h - 2 potions of lignification {unknown}
 p - 3 potions of might {unknown}
 s - a potion of flight {unknown}
 x - a potion of cancellation {unknown}
 z - 2 potions of curing {unknown}


   Skills:
 - Level 0.4 Fighting
 - Level 0.6 Short Blades
 - Level 1.7 Dodging
 - Level 1.7 Stealth
 - Level 2.0 Spellcasting
 - Level 1.0 Conjurations
 + Level 8.3 Air Magic


You had 3 spell levels left.
You knew the following spells:

 Your Spells              Type           Power      Damage    Failure   Level
a - Shock                 Conj/Air       76%        1d7       2%          1
b - Static Discharge      Conj/Air       19%        N/A       3%          2
c - Airstrike             Air            16%        N/A       5%          4

Your spell library contained the following spells:

 Spells                   Type           Power      Damage    Failure   Level
 Swiftness                Air            33%        N/A       1%          3
 Foxfire                  Conj/Fire      12%        2x1d4     14%         1
 Mephitic Cloud           Conj/Pois/Air  13%        N/A       14%         3
 Portal Projectile        Hex/Tloc       2%         N/A       45%         3
 Summon Guardian Golem    Hex/Summ       1%         N/A       45%         3
 Lightning Bolt           Conj/Air       9%         1d22      56%         5
 Fireball                 Conj/Fire      1%         3d3       98%         5
 Freezing Cloud           Conj/Ice/Air   6%         6-21      100%        6
 Malign Gateway           Summ/Tloc      0%         N/A       100%        7
 Orb of Destruction       Conj           2%         9d1       100%        7
 Spellforged Servitor     Conj/Summ      1%         N/A       100%        7


Dungeon Overview and Level Annotations

Branches:
Dungeon (5/15)
 Temple: D:4-7

Altars:
Kikubaaqudgha
Ru
Xom

Shops:
D:2 *

Annotations:
D:5 2 transporters


Innate Abilities, Weirdness & Mutations

You have a pair of antennae on your head.
Your demonic aura sometimes causes spilled blood to erupt in flames.
You regenerate health from kills.


Message History

Confirm with . or Enter, or press ? or * to list all spells.
Aiming: Shock (safe; 2% risk of failure)
Press: ? - help, Shift-Dir - straight line, f/p - wyvern zombie
Aim: a wyvern zombie (severely damaged, 90% to hit)
The zap hits the wyvern zombie.
The wyvern zombie is severely damaged.
Casting: Shock (safe; 2% risk of failure)
Confirm with . or Enter, or press ? or * to list all spells.
You don't have enough magic to cast this spell.
The wyvern zombie barely misses you.
You barely miss the wyvern zombie.
The wyvern zombie is severely damaged.
The wyvern zombie bites you!
You hit the wyvern zombie.
The wyvern zombie is severely damaged.
You block the wyvern zombie's attack. The wyvern zombie closely misses you.
You barely miss the wyvern zombie.
The wyvern zombie is severely damaged.
The wyvern zombie bites you!
You hit the wyvern zombie.
The wyvern zombie is severely damaged.
You block the wyvern zombie's attack. The wyvern zombie bites you.
Your magical contamination has completely faded away.
You hit the wyvern zombie.
The wyvern zombie is almost destroyed.
The wyvern zombie bites you!
* * * LOW HITPOINT WARNING * * *
You hit the wyvern zombie.
The wyvern zombie is almost destroyed.
You block the wyvern zombie's attack.
Unknown command.
Casting: Shock (safe; 2% risk of failure)
Confirm with . or Enter, or press ? or * to list all spells.
Aiming: Shock (safe; 2% risk of failure)
Press: ? - help, Shift-Dir - straight line, f/p - wyvern zombie
Aim: a wyvern zombie (almost destroyed, 90% to hit)
The zap hits the wyvern zombie.
The wyvern zombie is almost destroyed.
The wyvern zombie bites you!
You die...

#...##### #........
#...... .. #.....
.######## #....
...... . ...
######..# #
##Z#####...##..####
#.@...#........'...
#.....'........#...
#.....#........#...
#.....#........####
#######.###+####...
#.. ....### #.. ..
#.° #... #°. #...
#○☼


You could see a wyvern zombie.

Vanquished Creatures
  Grinder (D:3)
  An ogre (D:4)
  A necrophage (D:4)
  2 scorpions
  3 hounds (D:4)
  An orc priest (D:4)
  2 iguanas (D:4)
  An orc wizard (D:5)
  6 adders
  2 ufetubi (D:4)
  2 dart slugs
  3 worms
  9 orcs
  3 bats
  4 endoplasms
  6 giant cockroaches
  5 goblins
  8 hobgoblins
  9 jackals
  A quokka (D:1)
  4 ball pythons
  2 frilled lizards
  5 kobolds
  6 rats
87 creatures vanquished.

Notes
Turn   | Place    | Note
-------+----------+-------------------------------------------
     0 | D:1      | Shayle the Demonspawn Air Elementalist began the quest for
                  | the Orb.
     0 | D:1      | Reached XP level 1. HP: 13/13 MP: 3/3
   330 | D:1      | Reached skill level 3 in Air Magic
   773 | D:1      | Gained mutation: You regenerate a little health from kills.
                  | [demonic ancestry]
   773 | D:1      | Reached XP level 2. HP: 19/19 MP: 3/5
   804 | D:1      | You fall into a shaft and drop 1 floor!
  1174 | D:1      | Found a faded altar of an unknown god.
  1688 | D:1      | Gained mutation: You have a pair of small antennae on your
                  | head. [demonic ancestry]
  1688 | D:1      | Reached XP level 3. HP: 14/24 MP: 3/6
  2053 | D:2      | Found Meplas's Assorted Antiques.
  2066 | D:2      | Bought a pink potion for 24 gold pieces
  2066 | D:2      | Bought a scroll labelled ARUEDYAKLO for 27 gold pieces
  2066 | D:2      | Bought a scroll labelled ORERURUUKU for 27 gold pieces
  2100 | D:2      | Learned a level 2 spell: Static Discharge
  2142 | D:2      | Reached skill level 4 in Air Magic
  2325 | D:2      | Identified a scroll of acquirement
  2325 | D:2      | Acquired the Disquisition on Supportive Battle Magic
  2799 | D:2      | Acquired the Papyrus of the Traveller and Blows and Bruises
  2816 | D:3      | Reached XP level 4. HP: 31/31 MP: 7/7
  3113 | D:3      | Noticed Grinder
  3128 | D:3      | Killed Grinder
  3129 | D:3      | Reached skill level 6 in Air Magic
  3129 | D:3      | Gained mutation: You have a pair of antennae on your head.
                  | [demonic ancestry]
  3129 | D:3      | Reached XP level 5. HP: 25/36 MP: 0/8
  3129 | D:3      | Gained mutation: Your demonic aura sometimes causes spilled
                  | blood to erupt in flames. [demonic ancestry]
  3129 | D:3      | Reached XP level 6. HP: 30/42 MP: 0/9
  3440 | D:3      | Found an ancient bone altar of Kikubaaqudgha.
  3440 | D:3      | Found a shimmering altar of Xom.
  3881 | D:4      | Learned a level 4 spell: Airstrike
  4100 | D:4      | Reached skill level 7 in Air Magic
  4220 | D:4      | Found a sacrificial altar of Ru.
  4292 | D:4      | Gained mutation: You regenerate health from kills. [demonic
                  | ancestry]
  4292 | D:4      | Reached XP level 7. HP: 47/47 MP: 1/10
  4470 | D:4      | Identified the +0 ring mail "Ygoag" {Will+ Str-3 Stlth+}
  5234 | D:5      | Entered Level 5 of the Dungeon
  5234 | D:5      | Found a transporter.
  5234 | D:5      | Noticed a fire bat
  5241 | D:4      | Reached skill level 8 in Air Magic
  5341 | D:5      | Found a transporter.
  5465 | D:5      | Slain by a wyvern zombie

Illustrated notes

Levels and vault maps discovered:
D:1:      sevenhm_arrival_forest_fort_small_4, layout_basic,
          hellmonk_ecumenical_altar_run_dry, minivault_5
D:2:      layout_basic, serial_shops, shop, minmay_bisected
D:3:      layout_rooms, amethyst_overflow_temple_binary, serial_glass,
          glass_columns_b, glass_columns_a, uniq_grinder
D:4:      layout_basic, nicolae_ru_path_of_blood
D:5:      gammafunk_cloud_chamber, layout_gridville, lightli_church_of_beogh

Skill      XL: |  1  2  3  4  5  6  7 |
---------------+----------------------+-----
Air Magic      | 3 4 6 7 8 |  8.3
Fighting       | |  0.4
Short Blades   | |  0.6
Dodging        | |  1.7
Stealth        | |  1.7
Spellcasting   | |  2.0
Conjurations   | |  1.0

Action                   |  1- 3 |  4- 6 |  7- 9 || total
-------------------------+-------+-------+-------++-------
Melee: Dagger            |    45 |     6 |       ||    51
       Short sword       |       |    39 |    15 ||    54
 Cast: Shock             |    66 |    66 |     6 ||   138
       Airstrike         |       |     6 |    19 ||    25
  Use: Scroll            |     4 |       |       ||     4
       Potion            |       |     3 |       ||     3
 Stab: Sleeping          |     2 |     1 |       ||     3
Armor: Robe              |     4 |     4 |     1 ||     9
Dodge: Dodged            |    26 |    28 |     8 ||    62
Block: Other             |       |     7 |     4 ||    11

Table legend: (Time is in decaauts)
 A = Elapsed time spent in this place.
 B = Non-inter-level travel time spent in this place.
 C = Inter-level travel time spent in this place.
 D = Time resting spent in this place.
 E = Time spent auto-exploring this place.
 F = Levels seen in this place.
 G = Mean time per level.
                   A        B        C        D        E       F      G
               +--------+--------+--------+--------+--------+-----+--------+
         Total |   5473 |   5414 |     59 |   1189 |   3447 |   5 | 1094.6 |
       Dungeon |   5473 |   5414 |     59 |   1189 |   3447 |   5 | 1094.6 |
               +--------+--------+--------+--------+--------+-----+--------+

Top non-repeatable levels by time:
     D:1: 1690 daAuts
     D:4: 1643 daAuts
     D:2: 1129 daAuts
     D:3: 864 daAuts
     D:5: 146 daAuts
